 Dungeon Crawl Stone Soup version 0.27-a0-789-g6bb3289e1e (webtiles) character file.

Game seed: 12480994647689428992

62 robertstho the Shooter (level 3, -3/30 HPs)
             Began as a Minotaur Hunter on Mar 26, 2021.
             Slain by a scorpion (6 damage)
             ... on level 2 of the Dungeon.
             The game lasted 00:02:06 (1249 turns).

robertstho the Shooter (Minotaur Hunter)            Turns: 1249, Time: 00:02:07

Health: -3/30      AC:  3    Str: 16    XL:     3   Next: 85%
Magic:  2/2        EV: 11    Int:  8    God:
Gold:   72         SH:  0    Dex: 11    Spells: 2/2 levels left

rFire    . . .     SeeInvis .   b - +0 short sword
rCold    . . .     Faith    .   (no shield)
rNeg     . . .     Spirit   .   c - +0 leather armour
rPois    .         Reflect  .   (helmet restricted)
rElec    .         Harm     .   (no cloak)
rCorr    .         Rampage  .   (no gloves)
Will     .....                  (no boots)
Stlth    +.........             (no amulet)
HPRegen  0.10/turn              (no ring)
MPRegen  0.08/turn              (no ring)

@: attractive
A: horns 2, retaliatory headbutt
a: no special abilities


You were on level 2 of the Dungeon.
You visited 1 branch of the dungeon, and saw 2 of its levels.

You collected 72 gold pieces.

Inventory:

Hand Weapons
 a - a +1 shortbow
 b - a +0 short sword (weapon)
Missiles
 d - 5 arrows
Armour
 c - a +0 leather armour (worn)
Jewellery
 e - a ring of see invisible
Scrolls
 f - 2 scrolls of amnesia


   Skills:
 * Level 2.8 Fighting
 * Level 5.9 Bows
 + Level 2.2 Dodging
 - Level 0.7 Stealth


You had 2 spell levels left.
You didn't know any spells.
Your spell library contained the following spells:

 Spells                   Type           Power      Damage    Failure   Level
 Magic Dart               Conj           0%         1d3       47%         1
 Blink                    Tloc           N/A        N/A       63%         2
 Call Imp                 Summ           0%         N/A       63%         2
 Slow                     Hex            0%         N/A       63%         2
 Conjure Flame            Conj/Fire      0%         6-21      85%         3
 Mephitic Cloud           Conj/Pois/Air  0%         N/A       85%         3


Dungeon Overview and Level Annotations

Branches:
Dungeon (2/15)

Altars:


Innate Abilities, Weirdness & Mutations

You have a pair of horns on your head.
You reflexively headbutt those who attack you in melee.


Message History

The hobgoblin hits you.
You barely miss the scorpion. You headbutt the scorpion.
The scorpion is moderately wounded.
The hobgoblin hits you. The scorpion stings you.
You are poisoned.
The scorpion poisons you!
The hobgoblin hits you but does no damage.
You hit the scorpion but do no damage.
The scorpion is moderately wounded.
You feel extremely sick. The adder bites you but does no damage.
The scorpion stings you!
* * * LOW HITPOINT WARNING * * *
The hobgoblin hits you but does no damage.
You are too injured to fight recklessly!
You are too injured to fight recklessly!
You are too injured to fight recklessly!
You are too injured to fight recklessly!
You are too injured to fight recklessly!
You are too injured to fight recklessly!
You are too injured to fight recklessly!
You are too injured to fight recklessly!
You are too injured to fight recklessly!
You are too injured to fight recklessly!
You are too injured to fight recklessly!
You are too injured to fight recklessly!
You are too injured to fight recklessly!
You are too injured to fight recklessly!
You are too injured to fight recklessly!
Unknown command.
You feel sick. The adder bites you but does no damage.
There is an open door here.
You feel sick.
You feel sick.
You are no longer poisoned.
It was a potion of attraction.
You feel attractive to monsters. The adder bites you.
* * * LOW HITPOINT WARNING * * *
The scorpion stings you.
You die...

#...<.#.#...#.#.#.#...
.....<..........#.#.#
........##.##.......#
#.#...............#.#
#....[##........#.#
############.#....#
#######........#
........###.##.#
........S@#.##.#
........#s#....####
........g.........#
........#.###.....#
........#.###...#.#
........#.#.......#
..../...#.......#.#
........#.#.#####.#
#########.#.# #


You could see a scorpion, an adder and a hobgoblin.

Vanquished Creatures
  A gnoll (D:2)
  2 adders (D:2)
  4 endoplasms (D:1)
  3 giant cockroaches (D:1)
  3 goblins (D:1)
  4 hobgoblins (D:1)
  3 jackals (D:1)
  4 ball pythons
  2 bats (D:1)
  A frilled lizard (D:1)
  3 kobolds
  3 rats (D:1)
33 creatures vanquished.

Notes
Turn   | Place    | Note
-------+----------+-------------------------------------------
     0 | D:1      | robertstho the Minotaur Hunter began the quest for the Orb.
     0 | D:1      | Reached XP level 1. HP: 18/18 MP: 0/0
   144 | D:1      | Reached XP level 2. HP: 24/25 MP: 1/1
   189 | D:1      | Reached skill level 5 in Bows
   449 | D:1      | You fall into a shaft and drop 1 floor!
   454 | D:2      | Reached XP level 3. HP: 30/30 MP: 2/2
   518 | D:2      | HP: 1/30 [gnoll/+0 spear (5)]
   533 | D:2      | HP: 1/30 [gnoll/+0 spear (1)]
  1241 | D:2      | Noticed a scorpion
  1249 | D:2      | Slain by a scorpion

Illustrated notes

Levels and vault maps discovered:
D:1:      dpeg_arrival_connections, layout_loops_ring
D:2:      layout_basic

Skill      XL: |  1  2 |
---------------+-------+-----
Bows           | 5 |  5.9
Fighting       | |  2.8
Dodging        | |  2.2
Stealth        | |  0.7

Action                   || total
-------------------------++-------
Melee: Short sword       ||    23
       Headbutt          ||     4
 Fire: Shortbow          ||    57
  Use: Scroll            ||     2
       Potion            ||     1
Armor: Leather armour    ||    16
Dodge: Dodged            ||    26

Table legend: (Time is in decaauts)
 A = Elapsed time spent in this place.
 B = Non-inter-level travel time spent in this place.
 C = Inter-level travel time spent in this place.
 D = Time resting spent in this place.
 E = Time spent auto-exploring this place.
 F = Levels seen in this place.
 G = Mean time per level.
                   A        B        C        D        E       F      G
               +--------+--------+--------+--------+--------+-----+--------+
         Total |   1253 |   1215 |     38 |    275 |    752 |   2 |  626.5 |
       Dungeon |   1253 |   1215 |     38 |    275 |    752 |   2 |  626.5 |
               +--------+--------+--------+--------+--------+-----+--------+

Top non-repeatable levels by time:
     D:1: 1045 daAuts
     D:2: 207 daAuts
